 Dungeon Crawl Stone Soup version 0.30-a0-23-ge60ba3568b (webtiles) character file.

Game seed: 12717261599278613159

4054 xian the Magician (level 10, -3/57 HPs)
             Began as a Deep Elf Ice Elementalist on Aug 24, 2022.
             Slain by an orc warrior
             ... wielding a +0 dire flail
              (11 damage)
             ... on level 7 of the Dungeon.
             The game lasted 00:30:14 (7028 turns).

xian the Magician (Deep Elf Ice Elementalist)       Turns: 7028, Time: 00:30:15

Health: -3/57      AC: 12    Str: 12    XL:     10   Next: 4%
Magic:  22/23      EV: 14    Int: 25    God:
Gold:   424        SH:  0    Dex: 22    Spells: 11/23 levels left

rFire   . . .      SeeInvis +    a - +7 flail "Newt's Regret" {drain, Dex+4 SInv}
rCold   + . .      Faith    .    (no shield)
rNeg    . . .      Spirit   .    A - +1 ring mail of Resonance {Str+3 Dex+3}
rPois   .          Reflect  .    g - +0 helmet
rElec   .          Harm     .    (no cloak)
rCorr   .          Rampage  .    (no gloves)
Will    +....                    (no boots)
Stlth   +++.......               n - amulet of regeneration
HPRegen 0.99/turn                D - ring "Wuav" {Fly rC+ Str+2 Int+2 Slay+4}
MPRegen 0.18/turn                f - +4 ring of protection

@: flying
A: no striking features
a: no special abilities


You were on level 7 of the Dungeon.
You visited 1 branch of the dungeon, and saw 7 of its levels.
You also visited: Sewer.

You collected 424 gold pieces.

Inventory:

Hand Weapons
 a - the +7 flail "Newt's Regret" (weapon) {drain, Dex+4 SInv}
   (You found it on level 3 of the Dungeon)

   A truly terrible weapon, it drains the life of any living foe it strikes.
   Dex:       It affects your dexterity (+4).
   SInv:      It lets you see invisible.
 z - a +4 vorpal dagger
Armour
 g - a +0 helmet (worn)
 i - a +0 leather armour
 A - the +1 ring mail of Resonance (worn) {Str+3 Dex+3}
   (You took it off a goblin on level 3 of the Dungeon)

   Str:       It affects your strength (+3).
   Dex:       It affects your dexterity (+3).
Jewellery
 e - a ring of flight
 f - a +4 ring of protection (right hand)
 n - an amulet of regeneration (around neck)
 u - a +6 ring of intelligence
 w - a +6 ring of strength
 x - a +4 ring of protection
 D - the ring "Wuav" (left hand) {Fly rC+ Str+2 Int+2 Slay+4}
   (You acquired it on level 6 of the Dungeon)

   [ring of slaying]

   Str:       It affects your strength (+2).
   Int:       It affects your intelligence (+2).
   Slay:      It affects your accuracy & damage with ranged weapons and melee
   (+4).
   rC:        It protects you from cold.
   Fly:       It grants you flight.
 E - a +6 ring of strength
 K - a ring of protection from cold
 L - an amulet of faith
Scrolls
 c - a scroll of poison
 k - 6 scrolls of magic mapping
 l - a scroll of brand weapon
 o - 2 scrolls of amnesia
 t - a scroll of fear
 v - 4 scrolls of blinking
 y - a scroll of vulnerability
 G - a scroll of immolation
 I - 2 scrolls of silence
 J - 2 scrolls of teleportation
Potions
 b - a potion of magic
 d - 2 potions of invisibility {unknown}
 h - a potion of berserk rage {unknown}
 j - 2 potions of heal wounds
 m - 2 potions of curing
 p - 6 potions of flight
 q - 2 potions of haste {unknown}
 r - a potion of resistance {unknown}
 s - 2 potions of lignification
 B - a potion of might {unknown}
 C - a potion of mutation {unknown}
 F - a potion of brilliance {unknown}
 H - a potion of ambrosia {unknown}


   Skills:
 + Level 4.3 Fighting
 + Level 0.6 Short Blades
 + Level 5.9 Maces & Flails
 + Level 4.0 Armour
 + Level 5.4 Dodging
 + Level 6.0 Stealth
 + Level 7.3 Spellcasting
 + Level 1.3 Summonings
 + Level 7.2 Ice Magic


You had 11 spell levels left.
You knew the following spells:

 Your Spells              Type           Power      Damage    Failure   Level
a - Freeze                Ice            100%       1d11      1%          1
b - Frozen Ramparts       Ice            90%        1d14      2%          3
c - Ozocubu's Armour      Ice            45%        N/A       2%          3
d - Hailstorm             Conj/Ice       27%        3d7       30%         4
e - Summon Small Mammal   Summ           60%        N/A       8%          1

Your spell library contained the following spells:

 Spells                   Type           Power      Damage    Failure   Level
 Apportation              Tloc           18%        N/A       14%         1
 Necrotise                Necr           36%        1d5       14%         1
 Sting                    Tmut/Pois      36%        1d4       14%         1
 Poisonous Vapours        Pois/Air       18%        N/A       21%         2
 Conjure Flame            Conj/Fire      9%         6-21      38%         3
 Ignite Poison            Fire/Tmut/Pois 9%         N/A       38%         3
 Vampiric Draining        Necr           9%         2d6       38%         3
 Olgreb's Toxic Radiance  Pois           9%         N/A       80%         4
 Sticky Flame             Conj/Fire      9%         2d3       80%         4
 Agony                    Necr           9%         N/A       98%         5


Dungeon Overview and Level Annotations

Branches:
Dungeon (7/15)             Temple (0/1) D:4           Sewer (visited)

Altars:

Shops:
D:2 [   D:7 (


Message History

The steam dragon is heavily wounded.
The steam dragon completely misses you.
The steam dragon claws you but does no damage.
You sock the steam dragon!
The steam dragon is almost dead.
The steam dragon breathes steam at you. The ball of steam misses you.
You completely miss the steam dragon.
The steam dragon is almost dead.
You are engulfed in a cloud of scalding steam.
The steam dragon bites you but does no damage.
The steam dragon completely misses you.
An orc comes into view. It is wielding a +0 whip.
The steam dragon bites you but does no damage.
The steam dragon closely misses you.
The orc moves out of view.
You sock the steam dragon!
You kill the steam dragon!
You are engulfed in a cloud of scalding steam.
You are engulfed in a cloud of scalding steam.
The orc warrior unwields a +0 arbalest.
The orc warrior wields a +0 dire flail.
The orc warrior hits you with a +0 dire flail!
The orc priest hits you but does no damage.
You hit the orc warrior.
The orc warrior is lightly wounded.
The orc warrior closely misses you. The orc closely misses you.
The orc priest hits you with a +0 flail.
You hit the orc warrior.
The orc warrior is moderately wounded.
The orc warrior closely misses you. The orc barely misses you.
The orc priest barely misses you.
Unknown command.
You barely miss the orc warrior.
The orc warrior is moderately wounded.
The orc warrior hits you with a +0 dire flail!
The orc hits you with a +0 whip.
The orc priest mumbles some strange prayers to Beogh against you.
Pain shoots through your body!
* * * LOW HITPOINT WARNING * * *
The orc warrior hits you with a +0 dire flail!
You die...

. #.# #.......####
####.# #..........#
.....#####.......##.#
##.......#.....####.#
.........#.#.#.# #.#
.........#.#.#.####.#
.........#.#........#
........o#.....######
##......o@...###
........o###.#
##.#.#.### #.# # #.
#.# #. #.# #. #.# ..
#.. ## ###


You could see an orc warrior, an orc priest and an orc.

Vanquished Creatures
  The ghost of themarg the Insei, a novice GnTm (D:5)
  Prince Ribbit (D:6)
  3 yaks (D:6)
  Eustachio (D:4)
  2 steam dragons (D:7)
  A sky beast (D:7)
  A black bear (D:6)
  2 ice beasts
  4 ogres
  4 phantoms
  2 centaurs
  3 bullfrogs
  3 water moccasin zombies (D:5)
  3 wights (D:6)
  A water moccasin skeleton (D:5)
  5 bullfrog zombies (D:5)
  5 hounds
  A bullfrog skeleton (D:5)
  3 orc priests
  3 iguanas
  A scorpion zombie (D:5)
  A hound zombie (D:5)
  A hound skeleton (D:5)
  4 gnolls (D:2)
  6 river rats (Sewer)
  8 adders
  3 shadow imps (D:7)
  A white imp (D:7)
  An ufetubus (D:4)
  7 worms
  5 dart slugs
  30 orcs
  14 ball pythons
  11 endoplasms
  12 giant cockroaches
  8 goblins
  10 hobgoblins
  5 jackals
  4 quokkas
  14 bats
  8 frilled lizards
  11 kobolds
  5 rats (D:2)
219 creatures vanquished.

Vanquished Creatures (others)
  3 withered plants (D:5)
3 creatures vanquished.

Grand Total: 222 creatures vanquished

Notes
Turn   | Place    | Note
-------+----------+-------------------------------------------
     0 | D:1      | xian the Deep Elf Ice Elementalist began the quest for the
                  | Orb.
     0 | D:1      | Reached XP level 1. HP: 10/10 MP: 6/6
   370 | D:1      | Reached XP level 2. HP: 15/15 MP: 1/8
   870 | D:1      | Reached skill level 5 in Ice Magic
  1145 | D:2      | Reached XP level 3. HP: 19/19 MP: 8/10
  1276 | D:2      | Learned a level 3 spell: Frozen Ramparts
  1280 | D:2      | Learned a level 3 spell: Ozocubu's Armour
  1491 | D:2      | Found Hian's Antique Armour Emporium.
  1586 | D:2      | Reached XP level 4. HP: 24/24 MP: 2/12
  2169 | D:2      | Learned a level 4 spell: Hailstorm
  2218 | D:3      | Noticed a phantom
  2230 | D:3      | Killed a phantom
  2231 | D:3      | Reached XP level 5. HP: 25/28 MP: 8/14
  2329 | D:3      | Identified the +7 flail "Newt's Regret" {drain, Dex+4 SInv}
  2424 | D:3      | Identified the +1 ring mail of Resonance {Str+3 Dex+3}
  2615 | D:3      | Reached skill level 5 in Spellcasting
  2935 | D:3      | Found a faded altar of an unknown god.
  3284 | D:4      | Noticed a phantom
  3296 | D:4      | Killed a phantom
  3297 | D:4      | Reached skill level 1 in Maces & Flails
  3297 | D:4      | Reached XP level 6. HP: 33/33 MP: 15/15
  3472 | D:4      | Found a glowing drain.
  3493 | Sewer    | Entered a sewer
  3766 | Sewer    | Reached skill level 1 in Fighting
  4245 | D:4      | Reached skill level 1 in Armour
  4376 | D:4      | Reached XP level 7. HP: 31/38 MP: 15/17
  4494 | D:4      | Noticed Eustachio
  4514 | D:4      | Killed Eustachio
  4618 | D:4      | Found a staircase to the Ecumenical Temple.
  4926 | D:5      | Entered Level 5 of the Dungeon
  4975 | D:5      | Reached XP level 8. HP: 33/44 MP: 18/18
  5021 | D:5      | Reached skill level 5 in Stealth
  5273 | D:5      | Found a runed translucent gate.
  5273 | D:5      | Found a runed translucent gate.
  5273 | D:5      | Found a runed translucent gate.
  5278 | D:5      | Noticed themarg's ghost (novice GnTm)
  5570 | D:5      | Learned a level 1 spell: Summon Small Mammal
  5658 | D:5      | Killed themarg's ghost
  5659 | D:5      | Reached XP level 9. HP: 36/51 MP: 12/20
  5777 | D:6      | Reached skill level 5 in Dodging
  5779 | D:6      | Reached skill level 5 in Maces & Flails
  6123 | D:6      | Reached skill level 1 in Summonings
  6399 | D:6      | Identified a scroll of acquirement
  6399 | D:6      | Acquired the ring "Wuav" {Fly rC+ Str+2 Int+2 Slay+4}
  6457 | D:6      | Noticed Prince Ribbit
  6481 | D:6      | Killed Prince Ribbit
  6802 | D:7      | Found Villi's Weapon Shop.
  6869 | D:7      | Reached XP level 10. HP: 57/57 MP: 22/22
  7028 | D:7      | Slain by an orc warrior

Illustrated notes

Levels and vault maps discovered:
D:1:      lightli_arrival_statuegarden, layout_rooms
D:2:      layout_loops_cross, serial_shops, nicolae_shop_trees,
          minmay_joined_circles
D:3:      minmay_bubble_buster, layout_loops_ring,
          shapermc_ecumenical_altar_venn
D:4:      layout_basic, minmay_temple_entry_nine_rooms, portal_sewer_entry_f,
          uniq_eustachio
D:5:      layout_rooms, biasface_ghost_orc_armoury, serial_undead,
          serial_undead_c, serial_undead_d, serial_undead_a, serial_undead_e,
          serial_undead_a, serial_undead_b, serial_undead_e, serial_undead_c
D:6:      layout_basic, grunt_decor_one_mirror, uniq_prince_ribbit1
D:7:      layout_basic, serial_shops, shop_fountains, uniq_duvessa

Skill      XL: |  1  2  3  4  5  6  7  8  9 |
---------------+----------------------------+-----
Ice Magic      | 5 6 7 |  7.2
Spellcasting   | 4 5 6 7 |  7.3
Dodging        | 3 4 5 |  5.4
Stealth        | 3 4 5 6 |  6.0
Maces & Flails | 1 2 3 4 5 |  5.9
Fighting       | 1 2 3 4 |  4.3
Armour         | 1 2 4 |  4.0
Summonings     | 1 |  1.3
Short Blades   | |  0.6

Action                   |  1- 3 |  4- 6 |  7- 9 | 10-12 || total
-------------------------+-------+-------+-------+-------++-------
Melee: Dagger            |    46 |    48 |       |       ||    94
       Unarmed           |     5 |       |       |       ||     5
       Flail             |       |   151 |   235 |     9 ||   395
       Punch             |       |     2 |     2 |       ||     4
 Cast: Freeze            |    42 |    31 |       |       ||    73
       Frozen Ramparts   |     1 |     8 |     6 |       ||    15
       Ozocubu's Armour  |     1 |     4 |     6 |       ||    11
       Summon Small Mamm |       |       |     2 |       ||     2
  Use: Scroll            |       |    10 |     7 |     1 ||    18
       Potion            |       |     1 |     2 |       ||     3
 Stab: Sleeping          |     2 |     9 |     5 |       ||    16
Armor: Robe              |    25 |    16 |       |       ||    41
       Leather armour    |       |    10 |       |       ||    10
       Ring mail         |       |   105 |   123 |     6 ||   234
Dodge: Dodged            |    55 |   198 |   183 |    15 ||   451

Table legend: (Time is in decaauts)
 A = Elapsed time spent in this place.
 B = Non-inter-level travel time spent in this place.
 C = Inter-level travel time spent in this place.
 D = Time resting spent in this place.
 E = Time spent auto-exploring this place.
 F = Levels seen in this place.
 G = Mean time per level.
                   A        B        C        D        E       F      G
               +--------+--------+--------+--------+--------+-----+--------+
         Total |   7268 |   7175 |     93 |     32 |   4741 |   8 |  908.5 |
       Dungeon |   6455 |   6362 |     93 |     32 |   4408 |   7 |  922.1 |
         Sewer |    813 |    813 |      0 |      0 |    332 |   1 |  813.0 |
               +--------+--------+--------+--------+--------+-----+--------+

Top non-repeatable levels by time:
     D:2: 1137 daAuts
     D:3: 1072 daAuts
     D:1: 1069 daAuts
     D:4: 1036 daAuts
     D:6: 1009 daAuts
     D:5: 832 daAuts
   Sewer: 813 daAuts
     D:7: 297 daAuts
